 Dungeon Crawl Stone Soup version 0.23.1 (webtiles) character file.

Game seed: 0

17171 nikopol the Thaumaturge (level 12, -6/61 HPs)
             Began as a Deep Elf Fire Elementalist on Feb 28, 2019.
             Was a Priest of Vehumet.
             Mangled by a spiny frog (19 damage)
             ... on level 2 of the Lair of Beasts on Mar 1, 2019.
             The game lasted 00:49:34 (13483 turns).

nikopol the Thaumaturge (DEFE)                     Turns: 13483, Time: 00:49:34

Health: -6/61      AC: 10    Str:  5    XL:     12   Next: 16%
Magic:  25/31      EV: 14    Int: 32    God:    Vehumet [***...]
Gold:   681        SH:  0    Dex: 14    Spells: 23/38 levels left

rFire    . . .     SeeInvis +   E - +4 hand axe "Ogratsaf" {flame, Dex+3}
rCold    + . .     Gourm    .   (no shield)
rNeg     + . .     Faith    .   f - +3 leather armour of the Untouchables {+Fly rN+ Int-2 SInv}
rPois    .         Spirit   .   t - +0 helmet
rElec    .         Reflect  .   I - +0 cloak "Jipy" {rC+ MR- Int+8 Dex-4}
rCorr    +         Harm     .   (no gloves)
MR       .....                  o - +0 pair of boots
Stlth    +++.......             (no amulet)
HPRegen  0.20/turn              y - ring of resist corrosion
MPRegen  0.22/turn              (no ring)

@: no status effects
A: no striking features
a: Renounce Religion, Evoke Flight


You were on level 2 of the Lair of Beasts.
You worshipped Vehumet.
Vehumet was most pleased with you.
You were not hungry.

You visited 3 branches of the dungeon, and saw 12 of its levels.
You also visited: Sewer.

You collected 681 gold pieces.

Inventory:

Hand Weapons
 e - a +0 dagger of venom
 E - the +4 hand axe "Ogratsaf" (weapon) {flame, Dex+3}
   (You found it on level 2 of the Lair of Beasts)

   It has been specially enchanted to burn those struck by it, causing extra
   injury to most foes and up to half again as much damage against particularly
   susceptible opponents.
   Big, fiery blades are also staple armaments of hydra-hunters.
   It affects your dexterity (+3).
 F - a +2 dagger of electrocution
Armour
 f - the +3 leather armour of the Untouchables (worn) {+Fly rN+ Int-2 SInv}
   (You found it on level 6 of the Dungeon)

   It affects your intelligence (-2).
   It protects you from negative energy.
   It lets you see invisible.
   It lets you fly.
 o - a +0 pair of boots (worn)
 t - a +0 helmet (worn)
 u - a +1 ring mail of magic resistance
 I - the +0 cloak "Jipy" (worn) {rC+ MR- Int+8 Dex-4}
   (You found it on level 2 of the Lair of Beasts)

   It affects your intelligence (+8).
   It affects your dexterity (-4).
   It protects you from cold.
   It affects your resistance to hostile enchantments.
Jewellery
 y - a ring of resist corrosion (left hand)
Wands
 l - a wand of enslavement (10)
 A - a wand of iceblast (33)
 B - a wand of scattershot (4)
Scrolls
 h - 12 scrolls of teleportation
 i - a scroll of blinking {unknown}
 j - 3 scrolls of immolation {unknown}
 k - a scroll of enchant weapon {unknown}
 n - 5 scrolls of remove curse
 w - 3 scrolls of magic mapping
 z - a scroll of vulnerability {unknown}
 C - 2 scrolls of enchant armour {unknown}
 H - a scroll of torment {unknown}
 K - 3 scrolls of identify
Potions
 b - 4 potions of brilliance
 d - 2 potions of flight
 g - 5 potions of heal wounds
 m - 3 potions of haste
 p - 11 potions of curing
 q - 2 potions of invisibility {unknown}
 r - 3 potions of lignification {unknown}
 v - a potion of agility {unknown}
 x - a potion of might {unknown}
 D - a potion of ambrosia {unknown}
 G - a potion of resistance {unknown}
Comestibles
 c - 21 rations


   Skills:
 + Level 1.4 Fighting
 * Level 6.9 Armour
 + Level 5.2 Dodging
 + Level 5.1 Stealth
 + Level 13.7 Spellcasting
 + Level 11.1 Conjurations
 + Level 10.7 Fire Magic


You had 23 spell levels left.
You knew the following spells:

 Your Spells              Type           Power        Failure   Level  Hunger
a - Flame Tongue          Conj/Fire      #####        1%          1    None
b - Throw Flame           Conj/Fire      ######       1%          2    None
c - Conjure Flame         Conj/Fire      #######.     1%          3    None
d - Sticky Flame          Conj/Fire      #######.     1%          4    None
e - Fireball              Conj/Fire      #######...   1%          5    None

Your spell library contained the following spells:

 Spells                   Type           Power        Failure   Level  Hunger
 Throw Icicle             Conj/Ice       ######..     1%          4    None
 Inner Flame              Hex/Fire       ######..     1%          3    None
 Beastly Appendage        Tmut           ###...       3%          1    None
 Confusing Touch          Hex            ###...       3%          1    None
 Sticks to Snakes         Tmut           ###.....     4%          2    None
 Confuse                  Hex            ###.....     10%         3    None
 Gell's Gravitas          Tloc           ###.......   10%         3    None
 Spider Form              Tmut/Pois      ###.......   10%         3    None
 Yara's Violent Unravell  Hex/Tmut       ###.......   22%         5    None
 Ice Form                 Ice/Tmut       ###.....     30%         4    None
 Petrify                  Tmut/Erth      ###.....     30%         4    None
 Blade Hands              Tmut           ###.......   65%         5    None
 Metabolic Englaciation   Hex/Ice        ###.......   65%         5    None


Dungeon Overview and Level Annotations

Branches:
Dungeon (8/15)             Temple (1/1) D:7            Lair (3/6) D:8
  Swamp: Lair:2-4    Shoals: Lair:2-4     Snake: Lair:2-4    Spider: Lair:2-4

Altars:
Ashenzari
Dithmenos
Elyvilon
Fedhas
Gozag
Hepliaklqana
Makhleb
Okawaru
Qazlal
Trog
Vehumet
Xom
Zin
The Shining One

Shops:
D:7 =

Annotations:
Lair:2 1 runed translucent door, XSreality's ghost, journeyman MiBe


Message History

The spiny frog burns!
The spiny frog stings you.
The spiny frog burns!
The spiny frog stings you!!
* * * LOW HITPOINT WARNING * * *
You climb upwards.
Level annotation: 1 runed translucent door, XSreality's ghost, journeyman MiBe
There is a stone staircase leading down here.
The spiny frog burns!
The spiny frog burns!
The spiny frog burns!
The spiny frog closely misses you.
The spiny frog burns!
The spiny frog stops burning.
Casting: Sticky Flame (safe; 1% risk of failure)
Confirm with . or Enter, or press ? or * to list all spells.
Aiming: Sticky Flame (safe; 1% risk of failure)
Press: ? - help, Shift-Dir - straight line, f - spiny frog
Aim: a spiny frog (heavily wounded)
The sticky flame hits the spiny frog.
The spiny frog is heavily wounded.
The spiny frog is covered in liquid flames!
The spiny frog burns!
The spiny frog stings you!!
You die...

#.............8...8...#........#.
P..##..+..#.....>.....#........#.
..###.##..#...8...8...........#..
...#####..............#..#.....#.
..#######....##....#...(##.......
..##..#.##.......##.....##.######
...........#.........#####.# #
...).......##...F...### #.# #
...............#@.#.#.# #.# #
.##.####..............# #.#### #
.##.## #............#.####..#.###
.#.#.###.......#......##.#.......
.##.#.##.......P....#.P##........
.###.###........P.#..............
## ##.##..............(..........
.####.########...............P#.#
#.#..##..### #...................


You could see a spiny frog (burning).

Vanquished Creatures
  6 death yaks
  3 oklob plants (Lair:2)
  A black mamba (Lair:1)
  6 spiny frogs
  Psyche (D:8)
  A rime drake (Lair:1)
  A komodo dragon (Lair:2)
  A hippogriff (D:8)
  A wyvern (D:8)
  13 yaks
  A basilisk (Lair:3)
  A human (D:7)
  4 hogs (D:7)
  Menkaure (D:4)
  Duvessa (D:5)
  7 porcupines
  5 water moccasins
  An orc warrior (D:6)
  A black bear (D:6)
  2 phantoms
  4 centaurs
  8 wolves
  3 ogres
  7 crocodiles
  A big kobold (D:8)
  12 bullfrogs
  Dowan (D:5)
  A wyvern skeleton (D:8)
  4 scorpions
  5 wights
  2 electric eels (Lair:1)
  A bullfrog zombie (D:6)
  2 crimson imps (D:7)
  5 hounds
  A jelly (D:8)
  3 orc priests
  3 iguanas
  5 orc wizards
  A bullfrog skeleton (D:7)
  4 hell rats (Lair:2)
  6 worker ants
  A hound zombie (D:8)
  2 hound skeletons
  A worker ant zombie (D:6)
  Robin (D:4)
  A howler monkey skeleton (D:5)
  7 gnolls
  9 adders
  12 river rats (Lair:2)
  A shadow imp (D:8)
  8 oozes
  3 adder zombies
  2 adder skeletons
  A worm (D:5)
  2 dart slugs
  11 leopard geckos
  10 orcs
  8 ball pythons
  4 bats
  17 giant cockroaches
  11 goblins
  2 hobgoblins
  10 jackals
  10 quokkas
  11 frilled lizards (Sewer)
  9 kobolds
  A leopard gecko skeleton (D:6)
  A leopard gecko zombie (D:8)
  22 rats
  A plant (Lair:1)
316 creatures vanquished.

Vanquished Creatures (others)
  Sigmund (D:5)
  A bush (Lair:1)
  3 fungi
  10 plants
15 creatures vanquished.

Grand Total: 331 creatures vanquished

Notes
Turn   | Place    | Note
-------+----------+-------------------------------------------
     0 | D:1      | nikopol the Deep Elf Fire Elementalist began the quest for
                  | the Orb.
     0 | D:1      | Reached XP level 1. HP: 10/10 MP: 6/6
   123 | D:1      | Reached XP level 2. HP: 15/15 MP: 4/8
   694 | D:2      | Reached XP level 3. HP: 19/19 MP: 7/10
   698 | D:2      | Learned a level 2 spell: Throw Flame
   702 | D:2      | Learned a level 3 spell: Conjure Flame
  1199 | D:2      | Found a shadowy altar of Dithmenos.
  1877 | D:4      | Found a glowing drain.
  1896 | Sewer    | Entered a sewer
  1897 | Sewer    | Reached XP level 4. HP: 24/24 MP: 9/11
  2005 | Sewer    | Reached skill level 4 in Spellcasting
  2206 | Sewer    | Reached XP level 5. HP: 28/28 MP: 7/13
  2699 | Sewer    | Reached skill level 5 in Spellcasting
  2699 | Sewer    | Reached skill level 5 in Fire Magic
  2700 | Sewer    | Reached XP level 6. HP: 32/32 MP: 6/16
  2760 | D:4      | Learned a level 4 spell: Sticky Flame
  2766 | D:4      | Learned a level 5 spell: Fireball
  2822 | D:4      | Noticed Menkaure
  2828 | D:4      | Killed Menkaure
  2828 | D:4      | Reached skill level 6 in Spellcasting
  2828 | D:4      | Reached XP level 7. HP: 36/36 MP: 10/18
  2993 | D:4      | Noticed Robin
  3034 | D:4      | Killed Robin
  3821 | D:5      | Entered Level 5 of the Dungeon
  4227 | D:5      | Reached skill level 7 in Spellcasting
  4523 | D:5      | Noticed Duvessa
  4524 | D:5      | Noticed Dowan
  4533 | D:5      | Killed Duvessa
  4535 | D:5      | Killed Dowan
  4656 | D:5      | Noticed Sigmund
  4663 | D:5      | Killed Sigmund
  4663 | D:5      | Reached skill level 5 in Conjurations
  4663 | D:5      | Reached XP level 8. HP: 18/41 MP: 13/21
  5000 | D:5      | Reached skill level 8 in Spellcasting
  5306 | D:6      | Reached skill level 1 in Armour
  5955 | D:6      | Got an ichor-stained leather armour
  5967 | D:6      | Identified the +3 leather armour of the Untouchables {+Fly
                  | rN+ Int-2 SInv} (You found it on level 6 of the Dungeon)
  6124 | D:6      | Reached skill level 9 in Spellcasting
  6124 | D:6      | Reached XP level 9. HP: 32/45 MP: 15/24
  7118 | D:7      | Found a staircase to the Ecumenical Temple.
  7127 | D:7      | Reached skill level 5 in Stealth
  7136 | Temple   | Entered the Ecumenical Temple
  7231 | Temple   | Became a worshipper of Vehumet
  7353 | D:7      | Found Keosediu's Jewellery Emporium.
  7393 | D:7      | Reached skill level 10 in Spellcasting
  7772 | D:7      | Reached XP level 10. HP: 51/51 MP: 3/26
  8099 | D:8      | Reached * piety under Vehumet
  8099 | D:8      | Offered knowledge of Magic Dart by Vehumet.
  8393 | D:8      | Noticed Psyche
  8400 | D:8      | Killed Psyche
  8590 | D:8      | Found a staircase to the Lair.
  8684 | Lair:1   | Entered Level 1 of the Lair of Beasts
  8698 | Lair:1   | Noticed a black mamba
  8883 | Lair:1   | Reached skill level 11 in Spellcasting
  8965 | Lair:1   | Noticed a spiny frog
  8976 | Lair:1   | Killed a spiny frog
  9143 | Lair:1   | Killed a black mamba
  9143 | Lair:1   | Reached ** piety under Vehumet
  9143 | Lair:1   | Offered knowledge of Throw Frost by Vehumet.
  9320 | Lair:1   | Reached skill level 5 in Armour
  9646 | Lair:1   | Reached skill level 12 in Spellcasting
  9646 | Lair:1   | Reached XP level 11. HP: 55/55 MP: 9/29
 10358 | Lair:2   | Got a pearl-studded plate armour
 10381 | Lair:2   | Identified the +5 plate armour of Distant Shores {*Drain
                  | Str+4 Int+2} (You found it on level 2 of the Lair of
                  | Beasts)
 10402 | Lair:2   | Found a blossoming altar of Fedhas.
 10520 | Lair:2   | Offered knowledge of Searing Ray by Vehumet.
 10604 | Lair:2   | Upgraded the game from 0.23.0-42-geed6394 to 0.23.1
 10962 | Lair:2   | Got a fine cloak
 10973 | Lair:2   | Identified the +0 cloak "Jipy" {rC+ MR- Int+8 Dex-4} (You
                  | found it on level 2 of the Lair of Beasts)
 11083 | Lair:2   | Reached *** piety under Vehumet
 11089 | Lair:2   | Got a jewelled hand axe
 11090 | Lair:2   | Identified the +4 hand axe "Ogratsaf" {flame, Dex+3} (You
                  | found it on level 2 of the Lair of Beasts)
 11097 | Lair:2   | Noticed a death yak
 11097 | Lair:2   | Noticed a death yak
 11163 | Lair:2   | Noticed a death yak
 11189 | Lair:2   | Noticed a death yak
 11196 | Lair:2   | Killed a death yak
 11196 | Lair:2   | Reached skill level 10 in Conjurations
 11280 | Lair:1   | Killed a death yak
 11280 | Lair:1   | Reached skill level 1 in Fighting
 11280 | Lair:1   | Reached skill level 10 in Fire Magic
 11656 | Lair:2   | Reached skill level 13 in Spellcasting
 11864 | Lair:2   | Offered knowledge of Throw Icicle by Vehumet.
 11866 | Lair:2   | Reached skill level 5 in Dodging
 12129 | Lair:2   | Found a runed translucent door.
 12129 | Lair:2   | Noticed XSreality's ghost (journeyman MiBe)
 12321 | Lair:2   | Killed a death yak
 12553 | Lair:2   | Noticed an oklob plant
 12562 | Lair:2   | Killed an oklob plant
 12648 | Lair:2   | Noticed an oklob plant
 12648 | Lair:2   | Noticed an oklob plant
 12652 | Lair:2   | Killed an oklob plant
 12652 | Lair:2   | Killed an oklob plant
 12671 | Lair:2   | Killed a death yak
 12671 | Lair:2   | Reached XP level 12. HP: 24/61 MP: 9/31
 13018 | Lair:3   | Noticed a death yak
 13018 | Lair:3   | Noticed a death yak
 13018 | Lair:3   | Noticed a death yak
 13018 | Lair:3   | Noticed a death yak
 13030 | Lair:3   | Killed a death yak
 13032 | Lair:3   | Noticed a death yak
 13256 | Lair:3   | Noticed a death yak
 13287 | Lair:2   | Killed a death yak
 13483 | Lair:2   | Mangled by a spiny frog

Skill      XL: |  1  2  3  4  5  6  7  8  9 10 11 12 |
---------------+-------------------------------------+-----
Fire Magic     | 4 5 6 7 8 9 10 | 10.7
Dodging        | 3 4 5 |  5.2
Spellcasting   | 4 5 6 7 9 10 12 13 | 13.7
Conjurations   | 2 3 5 6 7 9 10 11 | 11.1
Stealth        | 3 4 5 |  5.1
Armour         | 2 3 5 6 |  6.9
Fighting       | 1 |  1.4

Action                   |  1- 3 |  4- 6 |  7- 9 | 10-12 || total
-------------------------+-------+-------+-------+-------++-------
Melee: Dagger            |       |       |    23 |    14 ||    37
       Hand axe          |       |       |       |     2 ||     2
 Cast: Flame Tongue      |    46 |    20 |   224 |   193 ||   483
       Throw Flame       |       |    39 |    10 |    45 ||    94
       Sticky Flame      |       |     1 |    27 |    45 ||    73
       Conjure Flame     |       |       |     6 |     4 ||    10
       Fireball          |       |       |    11 |    53 ||    64
  Use: Scroll            |     4 |       |     2 |     3 ||     9
       Potion            |       |       |       |     1 ||     1
  Eat: Chunk             |     2 |     4 |    14 |    15 ||    35
       Ration            |       |       |     1 |     2 ||     3
Armor: Robe              |     2 |     1 |    19 |     4 ||    26
       Leather armour    |       |       |     3 |     1 ||     4
Dodge: Dodged            |     5 |     4 |    61 |    45 ||   115
